Map: 하드와이어 - 래더

Players

DPGherO (herO)

  • Race: Protoss Protoss
  • League: Master

DRG - Winner!

  • Race: Zerg Zerg

Event: DreamHack SC2 Masters Last Chance 2022

VOD

Have the link to the VOD?

Description

Time

  • Played on: Dec. 15, 2021, 6:42 a.m.
  • Length: 10:05

All games in this series

Show
View Real Time Build Order
Export as new Build Order

DPGherO Protoss 

Build Orders: 1 Gate Expand, Oracle Opening 

Get SALT Encoding   

  12  0:00  Probe  
  13  0:12  Probe  
  14  0:18  Pylon  
  14  0:24  Probe (Chrono Boost)  
  15  0:36  Probe (Chrono Boost)  
  15  0:39  Gateway  
  16  0:44  Probe (Chrono Boost)  
  16  0:49  Assimilator  
  17  0:50  Probe  
  18  1:03  Probe  
  19  1:15  Probe  
  20  1:27  Nexus  
  20  1:36  Cybernetics Core  
  20  1:39  Probe  
  21  1:46  Assimilator  
  21  1:51  Probe  
  22  1:55  Pylon  
  22  2:03  Probe  
  23  2:13  Adept  
  23  2:15  Probe (Chrono Boost)  
  26  2:18  Stargate  
  26  2:26  Warp Gate  
  26  2:27  Probe (Chrono Boost)  
  27  2:32  Probe (Chrono Boost)  
  28  2:39  Probe (Chrono Boost)  
  28  2:43  Adept  
  32  2:47  Probe (Chrono Boost)  
  32  2:48  Probe (Chrono Boost)  
  33  2:53  Void Ray (Chrono Boost)  
  33  2:54  Probe x2 (Chrono Boost)  
  39  3:06  Probe x2  
  39  3:12  Gateway  
  41  3:15  Pylon  
  41  3:18  Probe x2  
  43  3:26  Oracle (Chrono Boost)  
  43  3:33  Probe x2  
  48  3:43  Nexus  
  48  3:46  Probe  
  48  3:47  Probe  
  50  3:51  Pylon  
  50  3:56  Assimilator  
  50  3:57  Assimilator  
  50  3:59  Probe x2  
  52  4:06  Stargate  
  52  4:11  Probe x2  
  54  4:23  Probe, Forge  
  54  4:24  Void Ray, Probe  
  60  4:34  Protoss Air Weapons Level 1  
  60  4:35  Probe  
  60  4:36  Probe, Pylon  
  62  4:40  Pylon  
  62  4:48  Void Ray  
  62  4:54  Probe x2 (Chrono Boost)  
  62  4:59  Probe (Chrono Boost), Protoss Ground Weapons Level 1 (Chrono Boost)  
  69  5:04  Twilight Council  
  69  5:06  Probe x2 (Chrono Boost)  
  71  5:08  Probe (Chrono Boost)  
  71  5:11  Void Ray, Probe x2 (Chrono Boost)  
  71  5:13  Probe (Chrono Boost)  
  74  5:20  Probe x2  
  81  5:25  Assimilator  
  81  5:26  Assimilator  
  81  5:28  Probe  
  81  5:31  Robotics Facility  
  81  5:32  Pylon  
  81  5:33  Probe x2  
  81  5:35  Charge  
  83  5:40  Pylon  
  83  5:43  Gateway x2  
  83  5:47  Probe x3  
  86  5:53  Templar Archives  
  86  5:59  Probe x3  
  89  6:06  Gateway  
  89  6:07  Gateway  
  93  6:11  Psionic Storm  
  93  6:13  Photon Cannon  
  97  6:20  Shield Battery  
  97  6:22  Pylon  
  97  6:28  Gateway  
  97  6:29  Gateway, High Templar x2  
  97  6:32  Warp Prism (Chrono Boost)  
  93  6:37  Photon Cannon  
  93  6:38  Shield Battery  
  95  6:47  Zealot, High Templar  
  97  6:54  Gateway x2  
  99  6:55  Robotics Bay  
  99  6:59  Gateway  
  99  7:00  Pylon  
  99  7:01  Observer (Chrono Boost)  
  100  7:05  Zealot, High Templar  
  100  7:06  Zealot x2  
  108  7:10  Robotics Facility  
  108  7:17  Immortal (Chrono Boost)  
  108  7:19  Pylon x2  
  112  7:30  Zealot  
  112  7:31  Zealot x5  
  112  7:35  Pylon  
  124  7:42  Pylon  
  124  7:50  Extended Thermal Lance  
  130  7:55  Colossus (Chrono Boost)  
  130  8:02  Probe  
  130  8:04  Colossus (Chrono Boost)  
  137  8:08  Zealot x5  
  137  8:11  Pylon  
  140  8:28  Zealot x3  
  140  8:31  Colossus (Chrono Boost)  
  142  8:40  Zealot x4  
  129  8:44  Archon  
  129  8:45  Zealot  
  129  8:46  Zealot x3  
  114  8:50  Zealot  
  114  8:51  Zealot  
  107  9:02  High Templar  
  97  9:03  Zealot x2  
  97  9:06  Archon  
  97  9:08  Zealot x5  
  100  9:15  Disruptor (Chrono Boost)  
  65  9:30  Zealot  
  65  9:31  Zealot x7  
  65  9:33  Zealot  
  58  9:51  Zealot  
  58  9:52  Zealot x2  
  62  9:57  High Templar x3  
  62  9:58  Zealot x2  
  62  9:59  High Templar  
  54  10:02  Archon  
  54  10:03  Archon  
Show
View Real Time Build Order
Export as new Build Order

DRG Zerg - Winner!

Build Orders: Hatch First 

Get SALT Encoding   

  12  0:00  Drone  
  13  0:11  Overlord  
  13  0:16  Drone  
  14  0:30  Drone x2  
  14  0:33  Drone  
  17  0:51  Hatchery  
  17  0:54  Drone  
  17  0:57  Drone  
  18  1:09  Extractor  
  17  1:12  Spawning Pool  
  17  1:16  Drone  
  17  1:20  Drone  
  18  1:28  Drone  
  19  1:40  Drone  
  20  1:49  Overlord  
  20  1:59  Queen  
  22  2:03  Queen  
  22  2:04  Zergling x4  
  26  2:10  Drone  
  26  2:14  Metabolic Boost  
  26  2:15  Drone  
  28  2:21  Drone  
  29  2:25  Drone  
  30  2:32  Drone  
  30  2:36  Drone  
  32  2:40  Hatchery  
  31  2:46  Queen  
  33  2:51  Overlord  
  33  2:53  Drone  
  33  2:57  Drone  
  35  3:00  Overlord  
  35  3:07  Drone  
  35  3:09  Queen  
  38  3:15  Drone x3  
  38  3:19  Drone x2  
  43  3:21  Drone  
  43  3:22  Drone  
  43  3:26  Overlord  
  45  3:33  Queen  
  47  3:34  Drone  
  47  3:37  Overlord  
  48  3:43  Overlord  
  48  3:45  Drone x2  
  48  3:46  Drone  
  48  3:48  Drone  
  52  3:53  Spore Crawler  
  52  3:54  Drone  
  52  3:56  Drone  
  52  3:58  Zergling x4  
  52  3:59  Drone  
  52  4:02  Spore Crawler  
  55  4:04  Drone  
  55  4:07  Drone x2  
  55  4:09  Drone  
  59  4:19  Drone x2  
  59  4:21  Drone, Queen  
  59  4:22  Drone x3  
  66  4:26  Drone  
  66  4:31  Drone x2, Roach Warren  
  66  4:35  Drone  
  69  4:41  Overlord  
  69  4:42  Drone  
  69  4:43  Lair  
  69  4:45  Spore Crawler  
  69  4:46  Drone x3  
  69  4:49  Drone  
  69  4:51  Extractor  
  72  4:53  Overlord, Extractor  
  72  4:56  Drone x3  
  72  4:58  Overlord  
  72  4:59  Overlord  
  74  5:03  Overlord  
  74  5:06  Drone x3  
  74  5:07  Drone  
  78  5:08  Extractor  
  78  5:09  Drone, Extractor  
  78  5:12  Evolution Chamber  
  76  5:16  Drone x2  
  76  5:18  Queen  
  76  5:19  Queen  
  82  5:24  Drone x4  
  82  5:26  Drone  
  87  5:39  Drone x6, Hatchery, Extractor  
  91  5:44  Infestation Pit  
  91  5:47  Glial Reconstitution  
  91  5:48  Zerg Missile Weapons Level 1  
  91  5:49  Overlord  
  90  5:50  Drone  
  90  5:51  Drone  
  90  5:53  Overlord  
  90  5:55  Overlord  
  91  5:58  Queen  
  91  6:02  Queen  
  95  6:05  Overlord  
  95  6:09  Queen  
  95  6:10  Overlord  
  97  6:13  Overlord  
  97  6:22  Drone x6  
  103  6:31  Roach x5  
  113  6:34  Queen  
  113  6:38  Queen  
  116  6:40  Roach x3  
  116  6:47  Roach x4  
  132  6:51  Hive  
  132  6:52  Roach x3  
  136  6:56  Overlord x2  
  136  6:59  Queen  
  138  7:05  Roach x3  
  138  7:06  Overlord  
  138  7:08  Overlord  
  144  7:11  Roach x3  
  144  7:15  Queen  
  152  7:17  Roach x2  
  156  7:23  Spore Crawler  
  156  7:24  Extractor  
  156  7:26  Roach x5  
  162  7:31  Roach x3  
  162  7:32  Ravager x3  
  162  7:33  Ravager x2  
  162  7:36  Ravager x5  
  162  7:37  Ravager x3  
  180  7:41  Roach x2  
  185  7:47  Roach x3  
  191  7:53  Overlord  
  191  7:56  Overlord  
  191  7:57  Overlord  
  191  8:00  Overlord  
  191  8:01  Ravager  
  191  8:02  Overlord  
  192  8:11  Queen  
  193  8:13  Roach x3  
  198  8:26  Roach  
  192  8:40  Roach x7  
  198  8:46  Roach x6  
  178  8:54  Roach x3  
  181  8:55  Hydralisk Den  
  181  8:56  Queen x2  
  181  8:57  Queen x2  
  181  9:01  Roach  
  188  9:09  Roach x4  
  192  9:15  Roach x2  
  190  9:23  Roach x5  
  190  9:27  Roach x3  
  190  9:29  Ravager  
  190  9:30  Ravager  
  185  9:50  Extractor x2  

Tags
 
Add a new tag
Caveats
  • Supply blocks, unpowered buildings, or Contaminate may cause inaccurate times.
  • Supply counts are checked every 10 seconds.